 Seeded DCSS version 0.30-a0-860-g512cf1e979 (webtiles) character file.

Game seed: 18295394078602691418 (custom seed)

98368 mistaj the Severer (level 16, -3/107 HPs)
             Began as a Gargoyle Fighter on Mar 7, 2023.
             Was an Initiate of Gozag.
             Slain by an orc knight
             ... wielding a +0 great sword
              (16 damage)
             ... on level 2 of the Orcish Mines on Mar 8, 2023.
             The game lasted 00:39:22 (20926 turns).

mistaj the Severer (Gargoyle Fighter)              Turns: 20926, Time: 00:39:22

Health: -3/107     AC: 35    Str: 23    XL:     16   Next: 22%
Magic:  16/16      EV: 12    Int: 15    God:    Gozag
Gold:   6251       SH: 17    Dex:  9    Spells: 15/15 levels left

rFire   + . .      SeeInvis +    B - +0 broad axe (flame)
rCold   + . .      Faith    .    G - +1 kite shield {rF+}
rNeg    + + .      Spirit   .    y - +1 plate armour of Kuyliuru {Rampage Slay+2 Stlth+}
rPois   ∞          Reflect  +    t - +1 helmet {SInv}
rElec   +          Rampage  +    J - +2 cloak {Will+}
rCorr   +                        H - +0 pair of gloves "Lashoruk" {rC+ Int+5}
Will    ++++.                    (no boots) Stlth
                                 T - amulet of Joreituwk {Reflect Fly rN+ Will+ rCorr Str-4 SH+5}
HPRegen 0.37/turn                n - +5 ring of evasion
MPRegen 0.15/turn                I - ring of willpower

@: gold aura, flying
A: sickness immunity, AC +12, big wings, negative energy resistance 1,
electricity resistance, torment resistance 1, petrification resistance
a: Renounce Religion, Potion Petition, Call Merchant, Bribe Branch


You were on level 2 of the Orcish Mines.
You worshipped Gozag.
Gozag was greatly pleased with you.
You visited 4 branches of the dungeon, and saw 19 of its levels.
You also visited: Bailey.

You collected 8079 gold pieces.
You spent 1768 gold pieces at shops.
You paid 60 gold pieces to Gozag.

Inventory:

Hand Weapons
 z - the +4 hand axe of Kesalod {heavy, Stlth+}
   (You found it on level 5 of the Dungeon)

   Stlth:     It makes you more stealthy.
 B - a +0 broad axe of flaming (weapon)
 N - a +5 heavy battleaxe
Missiles
 a - 2 throwing nets
 v - 10 javelins (quivered)
Armour
 t - a +1 helmet of see invisible (worn)
 y - the +1 plate armour of Kuyliuru (worn) {Rampage Slay+2 Stlth+}
   (You bought it in a shop on level 3 of the Dungeon)

   Slay:      It affects your accuracy & damage with ranged weapons and melee
   (+2).
   Rampage:   It bestows one free step when moving towards enemies.
   Stlth:     It makes you more stealthy.
 G - a +1 kite shield of fire resistance (worn)
 H - the +0 pair of gloves "Lashoruk" (worn) {rC+ Int+5}
   (You bought it in a shop on level 7 of the Dungeon)

   Int:       It affects your intelligence (+5).
   rC:        It protects you from cold.
 J - a +2 cloak of willpower (worn)
Jewellery
 n - a +5 ring of evasion (left hand)
 I - a ring of willpower (right hand)
 Q - a ring of protection from cold
 T - the amulet of Joreituwk (around neck) {Reflect Fly rN+ Will+ rCorr Str-4 SH+5}
   (You took it off an orc warrior on level 2 of the Orcish Mines)

   [amulet of reflection]

   It reflects blocked missile attacks.
   Str:       It affects your strength (-4).
   rN:        It protects you from negative energy.
   Fly:       It grants you flight.
   rCorr:     It protects you from acid and corrosion.
   SH:        It affects your SH (+5).
   Will:      It increases your willpower.
Wands
 q - a wand of roots (22)
 u - a wand of polymorph (10)
 D - a wand of charming (20)
 F - a wand of flame (41)
 O - a wand of digging (18)
 R - a wand of acid (6)
Scrolls
 c - 3 scrolls of fog
 e - 2 scrolls of enchant armour
 f - 4 scrolls of fear
 k - 9 scrolls of teleportation
 m - 2 scrolls of blinking
 p - 4 scrolls of immolation
 r - a scroll of silence {unknown}
 s - 4 scrolls of magic mapping
 x - a scroll of brand weapon
 E - 3 scrolls of vulnerability
 K - a scroll of poison {unknown}
 P - a scroll of amnesia {unknown}
 S - a scroll of enchant weapon
 U - a scroll of summoning
Potions
 b - 5 potions of heal wounds
 d - 2 potions of might
 g - 3 potions of brilliance
 h - 5 potions of invisibility
 i - 2 potions of berserk rage
 j - 4 potions of lignification
 l - a potion of resistance
 o - a potion of ambrosia
 w - 6 potions of attraction
 A - 5 potions of curing
 C - 2 potions of haste
 M - a potion of mutation


   Skills:
 + Level 14.4 Fighting
 + Level 17.4 Axes
 + Level 11.5 Armour
 + Level 6.6 Dodging
 - Level 11.0 Shields


You had 15 spell levels left.
You didn't know any spells.
Your spell library contained the following spells:

 Spells                   Type           Power      Damage    Failure   Level
 Apportation              Tloc           0%         N/A       99%         1
 Kiss of Death            Conj/Necr      0%         2d5       99%         1
 Sandblast                Erth           0%         2d4       99%         1
 Lesser Beckoning         Tloc           0%         N/A       100%        2
 Passwall                 Tmut/Erth      0%         N/A       100%        2
 Confusing Touch          Hex            0%         N/A       100%        3
 Gell's Gravitas          Tloc           0%         N/A       100%        3
 Hailstorm                Conj/Ice       0%         3d3       100%        3
 Ignite Poison            Fire/Tmut/Pois 0%         N/A       100%        3
 Kindle Blastsparks       Fire/Tloc/Air  0%         2d10      100%        3
 Stone Arrow              Conj/Erth      0%         3d7       100%        3
 Teleport Other           Tloc           0%         N/A       100%        3
 Dispel Undead            Necr           0%         3d6       100%        4
 Ice Form                 Ice/Tmut       0%         N/A       100%        4
 Sticky Flame             Conj/Fire      0%         2d3       100%        4
 Conjure Ball Lightning   Conj/Air       0%         3x3d6     100%        6
 Dispersal                Tloc           0%         N/A       100%        6
 Haunt                    Necr/Summ      0%         N/A       100%        7
 Discord                  Hex            0%         N/A       100%        8
 Disjunction              Tloc           0%         N/A       100%        8
 Ignition                 Fire           0%         3d3       100%        8
 Infestation              Necr           0%         N/A       100%        8
 Fire Storm               Conj/Fire      0%         5d1       100%        9
 Animate Dead             Necr           Unusable   N/A       N/A         4
 Simulacrum               Ice/Necr       Unusable   N/A       N/A         6

Dungeon Overview and Level Annotations

Branches:
Dungeon (11/15)            Temple (1/1) D:4            Lair (5/5) D:11
 Shoals (0/4) Lair:3        Snake (0/4) Lair:2        Slime (0/5) Lair:4
    Orc (2/2) D:11            Elf (0/3) Orc:2        Bailey (visited)

Altars:
Ashenzari
Cheibriados
Dithmenos
Elyvilon
Fedhas
Gozag
Hepliaklqana
Kikubaaqudgha
Makhleb
Nemelex Xobeh
Okawaru
Qazlal
Ru
Sif Muna
Trog
Uskayaw
Vehumet
Wu Jian
Xom
Yredelemnul
Zin
The Shining One
Jiyva

Shops:
D:3 [   D:7 [   D:9 =   Orc:2 *[(!*

Annotations:
D:6 exclusion: oklob plant
Lair:3 exclusion: oklob plant


Innate Abilities, Weirdness & Mutations

You are immune to sickness and miasma.
Your stone body is resilient. (AC +12)
You are immune to poison.
Your large and strong wings let you fly.
You resist negative energy. (rN+)
You are resistant to electric shocks. (rElec)
You are resistant to unholy torment.
You are immune to petrification.


Message History

You kill the orc sorcerer!
You barely miss the warg.
You hit the orc warrior but do no damage.
You barely miss the orc knight.
The orc knight hits you with a +0 great sword!
* * * LOW HITPOINT WARNING * * *
The orc warrior barely misses you.
The warg pauses to sniff the ground.
You block the warg's attack.
You closely miss the warg.
The warg is almost dead.
You closely miss the orc warrior.
You hit the orc knight but do no damage.
The warg is distracted by your dazzling golden aura.
The orc knight hits you with a +0 great sword!
* * * LOW HITPOINT WARNING * * *
You block the orc warrior's attack.
The warg howls!
You slice the warg!! You burn the warg.
You kill the warg!
You barely miss the orc warrior. You closely miss the orc knight.
Unknown command.
You hit the orc warrior. You burn the orc warrior.
The orc warrior is almost dead.
You closely miss the orc knight.
The orc warrior no longer looks unusually strong.
You block the orc knight's attack.
The orc warrior hits you with a +0 flail.
* * * LOW HITPOINT WARNING * * *
You hit the orc warrior. You burn the orc warrior.
You kill the orc warrior!
You completely miss the orc knight.
The orc knight hits you but does no damage.
Your life force feels restored.
Unknown command.
You hit the orc knight. You burn the orc knight.
The orc knight is almost dead.
The orc knight hits you with a +0 great sword!
You die...
Your body crumbles into a pile of gold.

..##.#.#.....#
.##..........##
..#.....#.....##
..##......#....#
...........##.##
............######
...........#.###.##
....#.........#$.$#####
.....#.......#.$@###..##
...............o.##....#
......................##
......................##
.......................#####
.)...[..............#...##.##
)[)..)[(.........∩......#...#
..[.)<......∩........#.....##
....)))...............#.#.##


You could see an orc knight.

Vanquished Creatures
  Gastronok (D:9)
  2 orc warlords
  The ghost of Seidenschwarz the Protected, a journeyman MiFi of Okawaru (Orc:2)
  Snorg (Orc:1)
  A fire dragon (Lair:5)
  Josephine (D:10)
  4 hydras
  Erolcha (D:8)
  3 boulder beetles
  6 death yaks
  2 ogre magi
  11 two-headed ogres
  A skyshark (Lair:4)
  2 deep trolls
  A swamp dragon (Lair:5)
  3 orc knights (Orc:2)
  A manticore (Lair:3)
  2 orc sorcerers (Orc:2)
  Pikel (D:8)
  3 cyclopes
  Joseph (D:7)
  3 elephants (Lair:3)
  3 black mambas
  Maurice (D:8)
  Maggie (D:6)
  13 cane toads
  A torpor snail (Lair:4)
  8 komodo dragons
  2 rime drakes
  12 polar bears
  11 trolls
  Prince Ribbit (D:8)
  A hornet (D:7)
  A wind drake (Lair:3)
  Grinder (D:6)
  25 blink frogs
  A raiju (Lair:5)
  Sigmund (D:6)
  A shadow (D:11)
  38 yaks
  3 wraiths (D:10)
  5 wyverns
  Grum (D:8)
  6 basilisks
  A human (D:11)
  2 steam dragons (Lair:5)
  12 wargs
  3 nagas (Lair:2)
  2 acid dragons (Lair:5)
  14 hell hounds (Lair:5)
  9 water moccasins
  13 orc warriors
  2 swamp drakes (Lair:5)
  13 black bears
  Duvessa (D:5)
  A sky beast (D:6)
  19 ogres
  22 wolves
  3 centaurs
  2 lemures
  A phantom (D:5)
  5 kobold brigands
  A necrophage (D:5)
  A gnoll sergeant (D:8)
  15 wights
  16 bullfrogs
  Dowan (D:5)
  20 killer bees
  4 howler monkeys
  2 electric eels
  14 jellies
  9 orc priests
  4 hounds
  7 iguanas
  6 orc wizards
  A hound skeleton (D:5)
  11 gnolls
  5 adders
  A shadow imp (D:8)
  3 worms
  2 dart slugs
  53 orcs
  12 endoplasms
  3 giant cockroaches
  18 goblins
  9 hobgoblins
  5 jackals
  40 kobolds
  3 quokkas
  8 ball pythons
  3 bats
  3 frilled lizards
  4 rats
598 creatures vanquished.

Vanquished Creatures (others)
  An orc warrior (Orc:1)
  A kobold (D:8)
  A bush (Lair:3)
  28 fungi
  53 plants
84 creatures vanquished.

Grand Total: 682 creatures vanquished

Notes
Turn   | Place    | Note
-------+----------+-------------------------------------------
     0 | D:1      | mistaj the Gargoyle Fighter began the quest for the Orb.
     0 | D:1      | Reached XP level 1. HP: 14/14 MP: 1/1
   312 | D:1      | Reached skill level 2 in Axes
   328 | D:1      | Reached XP level 2. HP: 10/19 MP: 2/2
  1091 | D:2      | Reached XP level 3. HP: 19/23 MP: 3/3
  1183 | D:2      | You fall into a shaft and drop 1 floor!
  1184 | D:3      | Found a shimmering altar of Xom.
  1219 | D:3      | Reached skill level 3 in Axes
  1219 | D:3      | Reached XP level 4. HP: 29/29 MP: 4/4
  1264 | D:3      | Found Qunat's Armour Shop.
  1857 | D:4      | Reached XP level 5. HP: 6/33 MP: 5/5
  2368 | D:4      | Got the Catalogue of Shifting Kindling
  2413 | D:4      | Found a staircase to the Ecumenical Temple.
  2418 | Temple   | Entered the Ecumenical Temple
  2656 | Temple   | Became a worshipper of Gozag Ym Sagoz the Greedy
  3644 | D:4      | Found a hide-covered altar of Uskayaw.
  3703 | D:5      | Entered Level 5 of the Dungeon
  3777 | D:5      | Found a broken altar of Ashenzari.
  3782 | D:5      | Identified the +4 hand axe of Kesalod {heavy, Stlth+}
  3808 | D:5      | Found a burning altar of Makhleb.
  3817 | D:5      | Reached skill level 4 in Axes
  3817 | D:5      | Reached XP level 6. HP: 39/39 MP: 6/6
  4032 | D:5      | Found a shadowy altar of Dithmenos.
  4047 | D:5      | Reached skill level 5 in Shields
  4108 | D:5      | Reached skill level 5 in Fighting
  4112 | D:5      | Reached XP level 7. HP: 8/44 MP: 7/7
  4300 | D:5      | Noticed Dowan
  4302 | D:5      | Noticed Duvessa
  4324 | D:5      | Killed Duvessa
  4325 | D:5      | Reached skill level 5 in Axes
  4327 | D:5      | Killed Dowan
  4599 | D:5      | Noticed a two-headed ogre
  4833 | D:5      | Found an ancient bone altar of Kikubaaqudgha.
  4911 | D:5      | Identified 2 scrolls of acquirement
  4911 | D:5      | Acquired the amulet of Curiosity {Reflect SH+5 Stlth+}
  4918 | D:5      | Acquired 1130 gold pieces
  5187 | D:3      | Bought the +1 plate armour of Kuyliuru {Rampage Slay+2
                  | Stlth+} for 600 gold pieces
  5246 | D:6      | Noticed Maggie
  5268 | D:6      | Killed Maggie
  5269 | D:6      | Reached skill level 6 in Axes
  5269 | D:6      | Reached XP level 8. HP: 35/51 MP: 8/8
  5400 | D:6      | Found a shimmering blue altar of Sif Muna.
  5445 | D:6      | Noticed Grinder
  5482 | D:6      | Killed Grinder
  5483 | D:6      | Reached skill level 7 in Axes
  5813 | D:6      | Noticed an oklob plant
  5855 | D:6      | Reached XP level 9. HP: 43/56 MP: 9/9
  6300 | D:6      | Noticed Sigmund
  6312 | D:6      | Killed Sigmund
  6408 | D:6      | Reached skill level 8 in Axes
  6488 | D:7      | Noticed Joseph
  6500 | D:7      | Killed Joseph
  6545 | D:7      | Noticed a hornet
  6550 | D:7      | Killed a hornet
  6613 | D:7      | Killed a two-headed ogre
  6614 | D:7      | Reached skill level 9 in Axes
  6614 | D:7      | Reached XP level 10. HP: 29/64 MP: 10/10
  6743 | D:7      | Found a radiant altar of Vehumet.
  6844 | D:7      | Found Owichus's Antique Armour Shoppe.
  6896 | D:7      | Bought a glowing kite shield for 232 gold pieces
  6896 | D:7      | Bought a pair of jewelled gloves for 294 gold pieces
  6896 | D:7      | Identified the +0 pair of gloves "Lashoruk" {rC+ Int+5}
                  | (You bought it in a shop on level 7 of the Dungeon)
  7537 | D:8      | Reached skill level 10 in Axes
  7718 | D:8      | Noticed a two-headed ogre
  7729 | D:8      | Killed a two-headed ogre
  8111 | D:8      | Noticed Grum
  8123 | D:8      | Killed Grum
  8388 | D:8      | Noticed Prince Ribbit
  8402 | D:8      | Killed Prince Ribbit
  8880 | D:9      | Found Faurch's Jewellery Shop.
  8886 | D:9      | Bought a ring of willpower for 350 gold pieces
  8911 | D:9      | Noticed a two-headed ogre
  8964 | D:9      | Noticed Erolcha
  8964 | D:9      | Noticed Maurice
  8977 | D:8      | Reached XP level 11. HP: 53/71 MP: 11/11
  9004 | D:9      | Noticed Pikel
  9020 | D:8      | Killed Maurice
  9021 | D:8      | Reached skill level 11 in Axes
  9669 | D:8      | Killed Erolcha
  9670 | D:8      | Reached skill level 10 in Fighting
  9670 | D:8      | Reached skill level 10 in Shields
  9723 | D:8      | Killed Pikel
  9760 | D:9      | Identified the +1 morningstar "Yzaxap" {antimagic, rC+
                  | Will- Int+5 Dex-5}
  9824 | D:9      | Noticed Gastronok
  9950 | D:9      | Killed Gastronok
 10372 | D:9      | Killed a two-headed ogre
 10486 | D:10     | Entered Level 10 of the Dungeon
 10506 | D:10     | Reached skill level 12 in Axes
 10615 | D:10     | Noticed Josephine
 10630 | D:10     | Killed Josephine
 10657 | D:10     | Found a flagged portal.
 10669 | Bailey   | Entered a bailey
 10674 | Bailey   | Noticed an orc warlord
 10731 | Bailey   | Found a runed translucent gate.
 10731 | Bailey   | Found a runed translucent gate.
 10731 | Bailey   | Found a runed translucent gate.
 10745 | Bailey   | Reached XP level 12. HP: 78/79 MP: 12/12
 10997 | Bailey   | Killed an orc warlord
 11643 | D:10     | Reached skill level 14 in Axes
 11643 | D:10     | Reached XP level 13. HP: 84/84 MP: 13/13
 11644 | D:10     | Reached skill level 15 in Axes
 11644 | D:10     | Gained mutation: Your large and strong wings let you fly.
                  | [Gargoyle growth]
 11644 | D:10     | Reached XP level 14. HP: 90/90 MP: 14/14
 11987 | D:11     | Found a staircase to the Orcish Mines.
 12125 | D:11     | Found a staircase to the Lair.
 12566 | Lair:1   | Entered Level 1 of the Lair of Beasts
 13359 | Lair:2   | Identified the +5 long sword of Autumn {heavy, Dex+2}
 13645 | Lair:2   | Found a staircase to the Snake Pit.
 14416 | Lair:3   | Reached skill level 16 in Axes
 14464 | Lair:3   | Found a staircase to the Shoals.
 15997 | Lair:4   | Found a staircase to the Slime Pits.
 15998 | Lair:4   | Found a viscous altar of Jiyva.
 16283 | Lair:4   | Reached XP level 15. HP: 97/97 MP: 15/15
 16736 | Lair:5   | Entered Level 5 of the Lair of Beasts
 17942 | Lair:5   | Reached skill level 10 in Armour
 18213 | Lair:5   | Reached skill level 5 in Dodging
 18282 | Lair:5   | Reached skill level 17 in Axes
 18566 | Lair:5   | Identified the +1 plate armour "Zypleodgh" {rPois}
 18986 | Orc:1    | Entered Level 1 of the Orcish Mines
 19137 | Orc:1    | Noticed Snorg
 19162 | Orc:1    | Killed Snorg
 19328 | Orc:2    | Entered Level 2 of the Orcish Mines
 19328 | Orc:2    | Found Catutt's Armour Emporium.
 19328 | Orc:2    | Found a staircase to the Elven Halls.
 19682 | Orc:1    | Reached XP level 16. HP: 92/106 MP: 16/16
 20172 | Orc:2    | Found Sabifehy's Distillery.
 20180 | Orc:2    | Found Gusulont's General Store.
 20192 | Orc:2    | Found Siezidyfog's Weapon Shoppe.
 20195 | Orc:2    | Bought a scroll of enchant weapon for 97 gold pieces
 20212 | Orc:2    | Found Qyutwos's General Store.
 20220 | Orc:2    | Bought a scroll of identify for 34 gold pieces
 20220 | Orc:2    | Bought a scroll of summoning for 161 gold pieces
 20275 | Orc:2    | Found a runed translucent gate.
 20275 | Orc:2    | Found a runed translucent gate.
 20276 | Orc:2    | Found a runed translucent gate.
 20278 | Orc:2    | Noticed Seidenschwarz's ghost (journeyman MiFi)
 20498 | Orc:2    | Identified the amulet of Joreituwk {Reflect Fly rN+ Will+
                  | rCorr Str-4 SH+5}
 20595 | Orc:2    | Killed Seidenschwarz's ghost
 20926 | Orc:2    | Slain by an orc knight

Illustrated notes

Levels and vault maps discovered:
D:1:      matt_arrival_diagonals, layout_basic, chequers_serial_rivers_marsh
D:2:      layout_loops_ring, st_stairs_10
D:3:      layout_loops_ring, mainiacjoe_overflow_brackets, serial_shops,
          nicolae_shop_temple_entry_statues_fountains
D:4:      layout_loops_ring, mainiacjoe_overflow_alcove_4,
          minmay_temple_entry_glassed_door
D:5:      layout_loops_ring, lemuel_doored_altar, makhleb_blood_cavern_becter,
          nicolae_dithmenos_through_a_glass_darkly,
          lemuel_coloured_pillars_altar, uniq_duvessa
D:6:      lemuel_slime, layout_basic, led_sif_pool,
          chequers_serial_rivers_room_b, uniq_sigmund, uniq_maggie, uniq_grinder
D:7:      layout_cave_pools, kennysheep_mini, serial_shops, shop, minivault_14,
          uniq_joseph
D:8:      layout_loops_corners, uniq_grum, uniq_prince_ribbit1
D:9:      layout_loops_ring, serial_shops, shop, kennysheep_small_square,
          uniq_erolcha, uniq_pikel, uniq_maurice, uniq_gastronok
D:10:     layout_irregular_city, enter_bailey_5, uniq_josephine
D:11:     layout_stronghold, lair_entry_dummy, erik_orc_4
Temple:   dpeg_chambers_temple
Lair:1:   layout_chaotic_city, serial_bayou_shore_b
Lair:2:   layout_long_grid, nicolae_snake_entry_squirm
Lair:3:   layout_roguey, minmay_shoals_entry_beasts, minivault_24
Lair:4:   layout_loops_ring, nicolae_slime_entry_field_trip
Lair:5:   hangedman_lair_caniforms_friends, layout_cave_shapes,
          guppyfry_lair_end_dragon, guppyfry_lair_drakes, serial_bayou_shore_b
Orc:1:    layout_diamond_mine, uniq_snorg
Orc:2:    st_orc_open, layout_caves, serial_shops, shop,
          biasface_ghost_orc_armoury

Skill      XL: |  1  2  3  4  5  6  7  8  9 10 11 12 13 14 15 |
---------------+----------------------------------------------+-----
Axes           | 2 3 4 6 7 9 10 12 14 15 16 17 | 17.4
Shields        | 4 5 6 8 9 10 11 | 11.0
Fighting       | 4 5 6 8 9 10 11 12 14 | 14.4
Armour         | 6 9 11 | 11.5
Dodging        | 3 6 |  6.6

Action                     |  1- 3 |  4- 6 |  7- 9 | 10-12 | 13-15 | 16-18 || total
---------------------------+-------+-------+-------+-------+-------+-------++-------
  Melee: War axe           |    82 |    99 |       |       |       |       ||   181
         Whip              |       |    31 |       |       |       |       ||    31
         Hand axe          |       |    39 |   169 |   393 |   220 |       ||   821
         Broad axe         |       |       |       |       |   725 |   130 ||   855
    Use: Scroll            |       |       |     2 |    11 |    10 |     1 ||    24
         Potion            |       |       |       |     2 |     1 |       ||     3
   Stab: Distracted        |       |       |     1 |     3 |     9 |       ||    13
 Armour: Scale mail        |    45 |    33 |       |       |       |       ||    78
         Plate armour      |       |    51 |    60 |   145 |   361 |    46 ||   663
         Ring mail         |       |       |    11 |       |       |       ||    11
  Dodge: Dodged            |    43 |    88 |    99 |   118 |   303 |    50 ||   701
  Block: Buckler           |    21 |    33 |    86 |    19 |       |       ||   159
         Reflection        |       |       |     5 |    14 |     7 |     3 ||    29
         Kite shield       |       |       |       |   300 |   766 |   119 ||  1185

Table legend: (Time is in decaauts)
 A = Elapsed time spent in this place.
 B = Non-inter-level travel time spent in this place.
 C = Inter-level travel time spent in this place.
 D = Time resting spent in this place.
 E = Time spent auto-exploring this place.
 F = Levels seen in this place.
 G = Mean time per level.
                   A        B        C        D        E       F      G
               +--------+--------+--------+--------+--------+-----+--------+
         Total |  21128 |  20100 |   1028 |   4970 |   9664 |  20 | 1056.4 |
       Dungeon |  12171 |  11638 |    533 |   2956 |   5802 |  11 | 1106.5 |
        Temple |    246 |    238 |      8 |      0 |    191 |   1 |  246.0 |
          Lair |   6336 |   5937 |    399 |   1175 |   3057 |   5 | 1267.2 |
  Orcish Mines |   1915 |   1827 |     88 |    737 |    532 |   2 |  957.5 |
        Bailey |    458 |    458 |      0 |    100 |     81 |   1 |  458.0 |
               +--------+--------+--------+--------+--------+-----+--------+

Top non-repeatable levels by time:
     D:8: 1993 daAuts
  Lair:5: 1644 daAuts
  Lair:3: 1504 daAuts
     D:6: 1455 daAuts
  Lair:4: 1348 daAuts
     D:5: 1306 daAuts
     D:7: 1234 daAuts
  Lair:2: 1082 daAuts
     D:1: 1070 daAuts
   Orc:1: 1036 daAuts
     D:3: 952 daAuts
    D:11: 938 daAuts
     D:9: 917 daAuts
   Orc:2: 879 daAuts
     D:4: 814 daAuts
